 Dungeon Crawl Stone Soup version 0.31-a0-1025-g2e47921a08 (webtiles) character file.

Game seed: 5991187799736839562

28 kae the Vexing (level 3, -1/24 HPs)
             Began as a Demonspawn Enchanter on Nov 17, 2023.
             Slain by an adder (2 damage)
             ... on level 2 of the Dungeon.
             The game lasted 00:01:07 (817 turns).

kae the Vexing (Demonspawn Enchanter)                Turns: 817, Time: 00:01:08

Health: -1/24      AC:  2    Str:  9 (10) XL:     3   Next: 0%
Magic:  3/6        EV: 12    Int: 13 (16) God:
Gold:   67         SH:  0    Dex: 11 (13) Spells: 4/6 levels left

rFire   . . .        a - +2 dagger
rCold   . . .        (no shield)
rNeg    . . .        b - +0 robe
rPois   .            (no helmet)
rElec   .            (no cloak)
rCorr   .            (no gloves)
SInv    .            (no boots)
Will    .....        (no amulet)
Stlth   ++           (no ring)
HPRegen 0.24/turn    (no ring)
MPRegen 0.20/turn

%: no passive effects
@: lethally poisoned (-1 -> -2), invisible
A: magic regeneration
a: no special abilities


You were on level 2 of the Dungeon.
You visited 1 branch of the dungeon, and saw 2 of its levels.

You collected 67 gold pieces.


Innate Abilities, Weirdness & Mutations

You regenerate magic rapidly.


   Skills:
 * Level 1.7 Short Blades
 - Level 1.7 Dodging
 + Level 3.0 Stealth
 + Level 2.2 Spellcasting
 + Level 3.2 Hexes
 + Level 0.5 Ice Magic


You had 4 spell levels left.
You knew the following spells:

 Your Spells              Type           Power      Damage    Failure   Level
a - Ensorcelled Hibernat  Hex/Ice        12%        N/A       19%         2

Your spell library contained the following spells:

 Spells                   Type           Power      Damage    Failure   Level
 Confusing Touch          Hex            9%         N/A       21%         3
 Tukima's Dance           Hex            9%         N/A       21%         3
 Sublimation of Blood     Necr           1%         N/A       36%         2
 Wereblood                Tmut           1%         N/A       36%         2
 Dazzling Flash           Conj/Hex       10%        N/A       36%         3
 Summon Hydra             Summ           0%         N/A       100%        7

Inventory:

Hand Weapons
 a - a +2 dagger (weapon)
Missiles
 d - 7 stones
 f - 4 poisoned darts
Armour
 b - a +0 robe (worn)
Magical Staves
 l - a staff of fire {!a}
   (You found it on level 1 of the Dungeon)
Scrolls
 g - a scroll of identify {@r1}
Potions
 c - 2 potions of invisibility
 h - a potion of cancellation
 k - a potion of resistance

Dungeon Overview and Level Annotations

Branches:
Dungeon (2/15) Zot: 11180

Altars:

Shops:
D:1

* ##.,...,,* #..,..#*,*
**### #..##.#*,*
*,..#**** #.....#*,*
*,.>,,,,* #...#.#*,#
*,..***,* #.....##.#
**.#* *,* ##.......# *.#
*,*
##.#.#######.#***,****
#.#.....S@S.#,,,,,,,*
####.###########,**,**,*
#....#******* *,*,,,*,*
#.####*,,,,,* *,*,,,*,*
#.# *,,,,,* *,*,,,*,*
#.# *,,,,,* *,,,,,,,*
#.# *,,,,,* ***,,****
#.# *,,,,,* *,** #.#
***,*** *,*


You could see 2 adders.


Message History

You are no longer poisoned.
The adder attacks as it pursues you! The adder misses you. 😮 HP[-1]
You take 1 damage, and now have 13/19 hp.
Casting: Ensorcelled Hibernation (safe; 16% risk of failure)
Confirm with . or Enter, or press ? or * to list all spells.
Aiming: Ensorcelled Hibernation (safe; 16% risk of failure)
Press: ? - help, Shift-Dir - straight line, f - adder
Aim: an adder (chance to affect: 50%)
The adder looks drowsy... 😮 MP[-2]
You lost 2 mp, and now have 3/5 mp.
The helpless adder fails to defend itself.
You puncture the adder!
You kill the adder!
Your Stealth skill increases to level 3!
You have reached level 3!
Your experience leads to an increase in your attributes!
Increase (S)trength, (I)ntelligence, or (D)exterity?
You feel stronger. x2 😮 HP[+4]
You now have 24 max hp (+5).
You regained 4 hp, and now have 17/24 hp. 😮 HP[+1] MP[+1]
An adder comes into view.
Found a stone staircase leading down.
The adder closely misses you. The adder barely misses you.
The adder attacks as it pursues you! The adder misses you.
Casting: Ensorcelled Hibernation (safe; 14% risk of failure)
Confirm with . or Enter, or press ? or * to list all spells.
Aiming: Ensorcelled Hibernation (safe; 14% risk of failure)
Press: ? - help, Shift-Dir - straight line, f - adder
Aim: an adder (chance to affect: 50%)
The adder resists with some effort.
The adder closely misses you. x2 😕 HP[+1] MP[-2]
You lost 2 mp, and now have 2/6 mp.
Unknown command.
Casting: Ensorcelled Hibernation (safe; 14% risk of failure)
Confirm with . or Enter, or press ? or * to list all spells.
Aiming: Ensorcelled Hibernation (safe; 14% risk of failure)
Press: ? - help, Shift-Dir - straight line, f/p - adder
Aim: an adder (chance to affect: 50%)
The adder resists with some effort.
The adder bites you. x2
The adder barely misses you. 😮 HP[-2] MP[-1]
You take 2 damage, and now have 17/24 hp.
You lost 1 mp, and now have 1/6 mp.
Unknown command.
It was a potion of degeneration.
There was something very wrong with that liquid.
You feel weakened.
You feel dopey.
You feel clumsy. The adder bites you but does no damage.
The adder bites you. x2 😮 HP[-4]
You take 4 damage, and now have 13/24 hp.
You fade into invisibility!
The adder closely misses you. The adder barely misses you.
You closely miss the adder. The adder barely misses you. x2
You catch the helpless adder completely off-guard!
You puncture the adder! The adder barely misses you. The adder bites you.
* * * LOW HITPOINT WARNING * * *
The adder bites you.
* * * LOW HITPOINT WARNING * * *
😨 HP[-2]
You take 2 damage, and now have 11/24 hp.
You hit the adder. The adder closely misses you.
The adder misses you. x2 😨 MP[+1] Unknown command.
You barely miss the adder. The adder closely misses you. x2
You barely miss the adder. The adder barely misses you. x2
Unknown command.
You hit the adder. The adder bites you.
* * * LOW HITPOINT WARNING * * *
The adder bites you.
* * * LOW HITPOINT WARNING * * *
You are lethally poisoned!
The adder poisons you! 😱 HP[-5]
You take 5 damage, and now have 6/24 hp.
MASSIVE DAMAGE!! (PAUSE)
You strike the helpless adder from behind!
You puncture the adder!
* * * LOW HITPOINT WARNING * * *
You feel sick. The adder misses you. The adder barely misses you. 😱 HP[-2]
You take 2 damage, and now have 4/24 hp.
You hit the adder but do no damage.
* * * LOW HITPOINT WARNING * * *
You feel sick. The adder misses you. x3 😱 HP[-1]
You take 1 damage, and now have 3/24 hp.
Unknown command.
You closely miss the adder.
* * * LOW HITPOINT WARNING * * *
You feel sick. The adder closely misses you.
The adder barely misses you. 😱 HP[-1] MP[+1]
You take 1 damage, and now have 2/24 hp.
You hit the adder but do no damage.
* * * LOW HITPOINT WARNING * * *
You feel sick. The adder barely misses you. The adder bites you.
You die...

Skill      XL: |  1  2 |
---------------+-------+-----
Short Blades   | 1 |  1.7
Stealth        | 3 |  3.0
Dodging        | |  1.7
Spellcasting   | |  2.2
Hexes          | |  3.2
Ice Magic      | |  0.5

Action                     || total
---------------------------++-------
  Melee: Dagger            ||    66
   Cast: Ensorcelled Hiber ||     8
    Use: Scroll            ||     7
         Potion            ||     2
   Stab: Sleeping          ||     8
         Invisible         ||     2
 Armour: Robe              ||    28
  Dodge: Dodged            ||    54

Levels and vault maps discovered:
D:1:      zaba_arrival_water, layout_basic, serial_shops,
          nicolae_shop_hallway_stairs, minmay_hexomino_f4
D:2:      layout_loops_cross, basic_altar

Notes
Turn   | Place    | Note
-------+----------+-------------------------------------------
     0 | D:1      | kae the Demonspawn Enchanter began the quest for the Orb.
     0 | D:1      | Reached XP level 1. HP: 13/13 MP: 3/3
     0 | D:1      | magus.rc [v1.11.3]
    39 | D:1      | Reached skill level 1 in Short Blades
    43 | D:1      | Found Keisit's Assorted Antiques.
    70 | D:1      | HP: 3/13 [frozen (1)]
   255 | D:1      | Gained mutation: You regenerate magic rapidly. [demonic
                  | ancestry]
   255 | D:1      | Reached XP level 2. HP: 10/19 MP: 5/5
   283 | D:1      | Learned a level 2 spell: Ensorcelled Hibernation
   779 | D:2      | You pick up a book of Blood and begin reading...
   779 | D:2      | You add the spells Sublimation of Blood, Wereblood and
                  | Summon Hydra to your library.
   798 | D:2      | Reached skill level 3 in Stealth
   798 | D:2      | Reached XP level 3. HP: 17/24 MP: 3/6
   813 | D:2      | HP: 6/24 [adder (4)]
   816 | D:2      | HP: 2/24 [poisoned by an adder]
   817 | D:2      | Slain by an adder

Vanquished Creatures
  An adder (D:2)
  A bat (D:1)
  5 endoplasms (D:1)
  2 giant cockroaches (D:1)
  2 hobgoblins (D:1)
  A quokka (D:1)
  3 ball pythons
  A frilled lizard (D:2)
  A rat (D:1)
17 creatures vanquished.

Table legend:
 A = Non-vault XP
 B = Vault XP
 C = Vault XP percentage of total XP
 D = Non-vault monster count
 E = Vault monster count
 F = Vault count percentage of total count
                 A         B        C        D         E       F
            +---------+---------+-------+---------+---------+-------
      Total |      35 |       6 |  14.6 |      14 |       3 |  17.6
            +---------+---------+-------+---------+---------+-------
        D:1 |      19 |       6 |  24.0 |      11 |       3 |  21.4
        D:2 |      16 |       0 |   0.0 |       3 |       0 |   0.0
            +---------+---------+-------+---------+---------+-------

Skill      XL: |  1  2 |
---------------+-------+-----
Short Blades   | 1 |  1.7
Stealth        | 3 |  3.0
Dodging        | |  1.7
Spellcasting   | |  2.2
Hexes          | |  3.2
Ice Magic      | |  0.5

Action                     || total
---------------------------++-------
  Melee: Dagger            ||    66
   Cast: Ensorcelled Hiber ||     8
    Use: Scroll            ||     7
         Potion            ||     2
   Stab: Sleeping          ||     8
         Invisible         ||     2
 Armour: Robe              ||    28
  Dodge: Dodged            ||    54

Illustrated notes

Table legend:
 A = Kills in this place as a percentage of kills in the entire game.
 B = Kills by you in this place as a percentage of kills by you in the entire game.
 C = Kills by friends in this place as a percentage of kills by friends in the entire game.
 D = Other kills in this place as a percentage of other kills in the entire game.
 E = Experience gained in this place as a percentage of experience gained in the entire game.
 F = Experience gained in this place divided by the number of levels of this place that you have seen.
                   A       B       C       D       E      F
               +-------+-------+-------+-------+-------+----------------------
         Total | 100.0 | 100.0 |   N/A |   N/A | 100.0 |  20.5
       Dungeon | 100.0 | 100.0 |   N/A |   N/A | 100.0 |  20.5
               +-------+-------+-------+-------+-------+----------------------

Table legend: (Time is in decaauts)
 A = Elapsed time spent in this place.
 B = Non-inter-level travel time spent in this place.
 C = Inter-level travel time spent in this place.
 D = Time resting spent in this place.
 E = Time spent auto-exploring this place.
 F = Levels seen in this place.
 G = Mean time per level.
                   A        B        C        D        E       F      G
               +--------+--------+--------+--------+--------+-----+--------+
         Total |    818 |    799 |     19 |     68 |    541 |   2 |  409.0 |
       Dungeon |    818 |    799 |     19 |     68 |    541 |   2 |  409.0 |
               +--------+--------+--------+--------+--------+-----+--------+

Top non-repeatable levels by time:
     D:1: 714 daAuts
     D:2: 103 daAuts
